 Dungeon Crawl Stone Soup version 0.28.0-53-g5a82cb258f (webtiles) character file.

Game seed: 6513013866038118136

21 moldycheese5 the Skirmisher (level 2, 0/24 HPs)
             Began as a Demonspawn Abyssal Knight on June 17, 2022.
             Was a Follower of Lugonu.
             Slain by a rat (1 damage)
             ... on level 1 of the Dungeon.
             The game lasted 00:00:39 (669 turns).

moldycheese5 the Skirmisher (DsAK)                   Turns: 669, Time: 00:00:40

Health: 0/24       AC:  3    Str: 13    XL:     2   Next: 62%
Magic:  3/3        EV: 11    Int: 11    God:    Lugonu [*.....]
Gold:   27         SH:  0    Dex: 13    Spells: 1/1 levels left

rFire   . . .      SeeInvis .   a - +1 falchion
rCold   . . .      Faith    .   (no shield)
rNeg    . . .      Spirit   .   b - +0 leather armour
rPois   .          Reflect  .   (no helmet)
rElec   .          Harm     .   (no cloak)
rCorr   .          Rampage  .   (no gloves)
Will    .....                   (no boots)
Stlth   +.........              (no amulet)
HPRegen 0.08/turn               (no ring)
MPRegen 0.08/turn               (no ring)

@: no status effects
A: hooves 1
a: Renounce Religion, Depart the Abyss


You were on level 1 of the Dungeon.
You worshipped Lugonu.
Lugonu was aware of your devotion.
You visited 1 branch of the dungeon, and saw 1 of its levels.
You visited the Abyss 1 time.

You collected 27 gold pieces.

Inventory:

Hand Weapons
 a - a +1 falchion (weapon)
Armour
 b - a +0 leather armour (worn)
Jewellery
 c - a +6 ring of dexterity
Scrolls
 e - a scroll of immolation {unknown}
Potions
 d - a potion of mutation {unknown}


   Skills:
 + Level 3.3 Fighting
 + Level 2.0 Long Blades
 + Level 2.2 Armour
 + Level 1.1 Dodging
 + Level 2.5 Invocations


You had one spell level left.
You didn't know any spells.
Your spell library was empty.

Dungeon Overview and Level Annotations

Branches:
Dungeon (1/15)

Altars:


Innate Abilities, Weirdness & Mutations

You have large cloven feet.


Message History

You completely miss the goblin. You kick the goblin.
The goblin is heavily wounded.
The kobold barely misses you.
The endoplasm hits you but does no damage.
The goblin barely misses you. The endoplasm freezes you.
You are frozen.
The kobold misses you.
You are too injured to fight recklessly!
You are too injured to fight recklessly!
You are too injured to fight recklessly!
You are too injured to fight recklessly!
You are too injured to fight recklessly!
You are too injured to fight recklessly!
You barely miss the goblin.
The goblin is heavily wounded.
The goblin hits you but does no damage. The kobold closely misses you.
The endoplasm hits you.
You closely miss the goblin.
The goblin is heavily wounded.
The goblin hits you but does no damage. The rat bites you.
The kobold barely misses you. The endoplasm closely misses you.
You hit the goblin.
You kill the goblin!
Lugonu accepts your kill. The rat bites you.
The kobold hits you with a +0 short sword.
* * * LOW HITPOINT WARNING * * *
The endoplasm hits you.
* * * LOW HITPOINT WARNING * * *
You hit the endoplasm. You kick the endoplasm.
You kill the endoplasm!
Lugonu accepts your kill. The rat completely misses you. The kobold misses you.
The kobold hits you but does no damage.
You miss the kobold. The rat bites you.
* * * LOW HITPOINT WARNING * * *
The kobold hits you with a +0 short sword.
* * * LOW HITPOINT WARNING * * *
The kobold hits you but does no damage. The rat bites you.
You die...

###.########.#..###.###.
............###.........
.##.########†#.#.####..#
###.# #.##.# #.# #.##.#
# #.# ####.##.####.# #.#
#.........$..# #.#
#.#.#.#r#.#..# #.#
......)@K....# #.#
.#.#.#.#.#.#.# .......
.....# )###..# #.####
.... .. ##..# ### #..
#..


You could see a kobold and a rat.

Vanquished Creatures
  2 bats (D:1)
  An endoplasm (D:1)
  3 giant cockroaches (D:1)
  2 goblins (D:1)
  A hobgoblin (D:1)
  4 jackals (D:1)
  A ball python (D:1)
  2 frilled lizards (D:1)
  A kobold (D:1)
  A rat (D:1)
18 creatures vanquished.

Notes
Turn   | Place    | Note
-------+----------+-------------------------------------------
     0 | Abyss:1  | moldycheese5 the Demonspawn Abyssal Knight began the quest
                  | for the Orb.
     0 | Abyss:1  | Reached XP level 1. HP: 18/18 MP: 2/2
     0 | D:1      | Escaped the Abyss
   142 | D:1      | Reached skill level 1 in Dodging
   248 | D:1      | Discovered your monstrous ancestry.
   248 | D:1      | Gained mutation: You have large cloven feet. [demonic
                  | ancestry]
   248 | D:1      | Reached XP level 2. HP: 24/24 MP: 3/3
   260 | D:1      | Reached * piety under Lugonu
   669 | D:1      | HP: 1/24 [kobold/+0 short sword (2)]
   669 | D:1      | Slain by a rat

Illustrated notes

Levels and vault maps discovered:
D:1:      amcnicky_arrival_gap_in_the_tavern_cellar, layout_loops_ring,
          hellmonk_ecumenical_altar_prayer_group, minmay_misc_feat_pillars

Skill      XL: |  1  2 |
---------------+-------+-----
Armour         | 2 |  2.2
Dodging        | 1 |  1.1
Long Blades    | 2 |  2.0
Fighting       | |  3.3
Invocations    | |  2.5

Action                   || total
-------------------------++-------
Melee: Falchion          ||    45
       Kick              ||     8
Invok: Depart the Abyss  ||     1
 Stab: Sleeping          ||     1
Armor: Leather armour    ||    15
Dodge: Dodged            ||    40
